 Dungeon Crawl Stone Soup version 0.30-a0-777-ga9a30cbeda (webtiles) character file.

Game seed: 17768366357788995753

2961 lesbiats the Grappler (level 9, -3/89 HPs)
             Began as a Troll Fighter on Feb 14, 2023.
             Was an Initiate of Wu Jian.
             Killed from afar by Erica (17 damage)
             ... with a lance of force
             ... on level 8 of the Dungeon.
             The game lasted 00:19:40 (5662 turns).

lesbiats the Grappler (Troll Fighter)               Turns: 5662, Time: 00:19:40

Health: -3/89      AC:  7    Str: 26    XL:     9   Next: 52%
Magic:  8/8        EV:  9    Int:  8    God:    Wu Jian [......]
Gold:   293        SH:  9    Dex:  9    Spells: 8/8 levels left

rFire   . . .      SeeInvis .      - Unarmed
rCold   + . .      Faith    .    b - +0 kite shield
rNeg    + . .      Spirit   .    J - +0 steam dragon scales
rPois   .          Reflect  .    (helmet restricted)
rElec   .          Harm     .    (no cloak)
rCorr   .          Rampage  .    (gloves unavailable)
Will    .....                    (boots unavailable)
Stlth   +                        (no amulet)
HPRegen 1.14/turn                k - ring of positive energy
MPRegen 0.11/turn                s - ring of protection from cold

@: no status effects
A: large, unfitting armour, claws 3, regeneration 1, shaggy fur 1, tough skin 1
a: Renounce Religion


You were on level 8 of the Dungeon.
You worshipped Wu Jian.
Wu Jian was noncommittal.
You visited 2 branches of the dungeon, and saw 9 of its levels.

You collected 458 gold pieces.
You spent 165 gold pieces at shops.

Inventory:

Missiles
 e - 16 poisoned darts (quivered)
 l - 3 curare-tipped darts
 u - 11 javelins
 A - a throwing net
 D - 3 boomerangs
 I - 3 boomerangs of dispersal
Armour
 b - a +0 kite shield (worn)
 J - +0 steam dragon scales (worn)
Jewellery
 k - a ring of positive energy (left claw)
 s - a ring of protection from cold (right claw)
 x - a ring of positive energy
 C - a ring of flight
Wands
 p - a wand of roots (14)
 G - a wand of mindburst (13)
Scrolls
 a - 2 scrolls of noise
 f - 2 scrolls of butterflies
 h - 2 scrolls of vulnerability
 j - a scroll of enchant weapon
 m - a scroll of immolation
 q - a scroll of amnesia
 r - 5 scrolls of poison
 t - a scroll of blinking {unknown}
 y - 2 scrolls of fog
 B - 2 scrolls of acquirement
 H - a scroll of fear
 K - a scroll of teleportation
Potions
 c - a potion of might
 d - 4 potions of magic
 g - 5 potions of curing
 i - 3 potions of brilliance
 n - 2 potions of lignification
 o - 3 potions of ambrosia
 v - a potion of flight {unknown}
 w - a potion of berserk rage {unknown}
 z - a potion of degeneration {unknown}
 E - a potion of haste {unknown}
 F - a potion of attraction


   Skills:
 + Level 5.9 Fighting
 + Level 3.3 Dodging
 + Level 6.5 Shields
 * Level 9.4 Unarmed Combat


You had 8 spell levels left.
You didn't know any spells.
Your spell library contained the following spells:

 Spells                   Type           Power      Damage    Failure   Level
 Ensorcelled Hibernation  Hex/Ice        0%         N/A       80%         2
 Ignite Poison            Fire/Tmut/Pois 0%         N/A       95%         3
 Portal Projectile        Hex/Tloc       0%         N/A       95%         3
 Spider Form              Tmut/Pois      0%         N/A       95%         3
 Tukima's Dance           Hex            0%         N/A       95%         3
 Airstrike                Air            0%         2d(0-16)  100%        4
 Anguish                  Hex/Necr       0%         N/A       100%        4
 Cause Fear               Hex            0%         N/A       100%        4
 Sticky Flame             Conj/Fire      0%         2d3       100%        4
 Summon Lightning Spire   Summ/Air       0%         N/A       100%        4
 Blade Hands              Tmut           0%         N/A       100%        5
 Lightning Bolt           Conj/Air       0%         1d11      100%        5
 Dragon Form              Tmut           0%         N/A       100%        7
 Ignition                 Fire           0%         3d3       100%        8
 Dragon's Call            Summ           0%         N/A       100%        9


Dungeon Overview and Level Annotations

Branches:
Dungeon (8/15)             Temple (1/1) D:7
   Lair: D:8-11

Altars:
Cheibriados
Fedhas
Gozag
Hepliaklqana
Kikubaaqudgha
Okawaru
Qazlal
Sif Muna
Trog
Uskayaw
Vehumet
Wu Jian
Xom
Yredelemnul

Shops:
D:6 ?*

Annotations:
D:8 Erica


Innate Abilities, Weirdness & Mutations

You are too large for most types of armour.
You have claws for hands.
Your natural rate of healing is unusually fast.
You are covered in fur. (AC +1)
You have tough skin. (AC +1)


Message History

You are knocked back by the lance of force.
You slam into the rock wall!
Something hits you. Something burns you.
You closely miss something. You block something's attack.
The kobold brigand throws a poisoned dart.
You block the poisoned dart. Something hits you! Something burns you.
You barely miss something.
The kobold brigand throws a poisoned dart.
You block the poisoned dart.
A kobold comes into view. It is wielding a +0 hand axe.
You block something's attack.
You barely miss something.
You feel yourself speed up.
The kobold shouts!
You hear a shout!
Something hits you. Something burns you.
The kobold brigand throws a poisoned dart.
The poisoned dart hits you!
You are poisoned.
You block something's attack.
You claw something!
You feel sick.
The kobold brigand throws a poisoned dart.
You hear some strange, mumbled words.
A bolt of poison appears from out of thin air!
The bolt of poison hits you!!
You are more poisoned.
* * * LOW HITPOINT WARNING * * *
You scratch something.
You feel very sick.
A kobold comes into view. It is wielding a +0 dagger.
You hear some strange, mumbled words.
A bolt of poison appears from out of thin air!
The bolt of poison hits you!
You are lethally poisoned!
* * * LOW HITPOINT WARNING * * *
You have no spells to forget.
You feel better.
You hear some strange, mumbled words.
A lance of force appears from out of thin air!
The lance of force hits you!
You die...

##.#.####.#....#.###
.....# #..........#
.#.######.#....#.#######
............##.#........
<......###..##.#[#######
................K.......
#.##.#.###..##.#K#######
#.# # #.#{# ...
...##.#@# #.## ........#
#.# #.###.### #.# #. .
#.


You could see a kobold brigand and a kobold.

Vanquished Creatures
  Maggie (D:7)
  Grinder (D:4)
  2 steam dragons
  Menkaure (D:4)
  2 sky beasts
  An orc warrior (D:8)
  2 ogres
  2 black bears
  3 centaurs
  2 bullfrogs (D:7)
  2 kobold brigands
  A scorpion (D:5)
  2 necrophages
  A gnoll sergeant (D:5)
  A bullfrog zombie (D:6)
  2 hounds (D:5)
  2 gnoll boudas (D:6)
  An orc priest (D:8)
  5 iguanas
  Ijyb (D:3)
  Terence (D:3)
  An orc wizard (D:5)
  A howler monkey zombie (D:6)
  Robin (D:4)
  2 adders
  18 gnolls
  2 worms
  A dart slug (D:1)
  19 orcs
  5 endoplasms
  2 giant cockroaches
  18 goblins
  10 hobgoblins
  3 quokkas
  A ball python (D:1)
  9 bats
  6 frilled lizards
  16 kobolds
  6 rats
  A spectral goblin (D:5)
158 creatures vanquished.

Vanquished Creatures (others)
  A plant (D:5)
1 creature vanquished.

Grand Total: 159 creatures vanquished

Notes
Turn   | Place    | Note
-------+----------+-------------------------------------------
     0 | D:1      | lesbiats the Troll Fighter began the quest for the Orb.
     0 | D:1      | Reached XP level 1. HP: 22/22 MP: 0/0
   235 | D:1      | Reached XP level 2. HP: 29/29 MP: 1/1
   924 | D:2      | Reached XP level 3. HP: 36/36 MP: 2/2
   941 | D:2      | Reached skill level 3 in Unarmed Combat
  1046 | D:2      | Found a faded altar of an unknown god.
  1422 | D:3      | Found a stormy altar of Qazlal.
  1442 | D:3      | Noticed Terence
  1448 | D:3      | Killed Terence
  1449 | D:3      | Reached XP level 4. HP: 38/45 MP: 3/3
  1511 | D:3      | Noticed Ijyb
  1521 | D:3      | Killed Ijyb
  1623 | D:3      | Found an opulent altar of Gozag.
  1642 | D:3      | Reached skill level 4 in Unarmed Combat
  1642 | D:3      | Reached XP level 5. HP: 27/53 MP: 4/4
  1688 | D:3      | Found a blossoming altar of Fedhas.
  2244 | D:4      | Noticed Grinder
  2257 | D:4      | Killed Grinder
  2258 | D:4      | Reached skill level 5 in Unarmed Combat
  2258 | D:4      | Reached XP level 6. HP: 50/62 MP: 5/5
  2361 | D:4      | Noticed Menkaure
  2384 | D:4      | Killed Menkaure
  2385 | D:4      | Reached XP level 7. HP: 39/70 MP: 6/6
  2529 | D:4      | Reached skill level 6 in Unarmed Combat
  2730 | D:4      | Noticed Robin
  2739 | D:4      | Killed Robin
  2974 | D:5      | Entered Level 5 of the Dungeon
  3016 | D:5      | Reached skill level 5 in Shields
  3016 | D:5      | Reached XP level 8. HP: 76/79 MP: 7/7
  3074 | D:5      | Reached skill level 7 in Unarmed Combat
  3400 | D:5      | Found an iron altar of Okawaru.
  3515 | D:5      | Found a hazy altar of Hepliaklqana.
  3988 | D:5      | Found a shimmering blue altar of Sif Muna.
  4106 | D:5      | Reached skill level 5 in Fighting
  4223 | D:6      | Reached skill level 8 in Unarmed Combat
  4466 | D:6      | Identified 2 scrolls of acquirement
  4551 | D:6      | Found Nolionku's Magic Scroll Shoppe.
  4559 | D:6      | Bought a scroll of identify for 30 gold pieces
  4559 | D:6      | Bought a scroll of teleportation for 45 gold pieces
  4559 | D:6      | Bought a scroll of identify for 30 gold pieces
  4559 | D:6      | Bought a scroll of fear for 60 gold pieces
  4611 | D:6      | Found a basalt altar of Yredelemnul.
  4631 | D:6      | Reached XP level 9. HP: 88/88 MP: 8/8
  4647 | D:6      | Found a shimmering altar of Xom.
  4681 | D:6      | Found Vir Gopp's Neck Hole.
  4995 | D:7      | Found a staircase to the Ecumenical Temple.
  5005 | Temple   | Entered the Ecumenical Temple
  5086 | Temple   | Became a worshipper of the Wu Jian Council
  5225 | D:7      | Noticed Maggie
  5235 | D:7      | Killed Maggie
  5236 | D:7      | Reached skill level 9 in Unarmed Combat
  5509 | D:8      | Found a snail-covered altar of Cheibriados.
  5645 | D:8      | Noticed Erica
  5661 | D:8      | HP: 2/89 [something/bolt of poison (15)]
  5662 | D:8      | Killed from afar by Erica

Illustrated notes

Levels and vault maps discovered:
D:1:      lemuel_arrival_rhombus, layout_loops_corners
D:2:      layout_rooms, hellmonk_ecumenical_altar_slurped_away,
          grunt_ministairs_10
D:3:      layout_basic, mainiacjoe_overflow_alcove_2,
          nicolae_gozag_seed_capital, nicolae_qazlal_general_emergency,
          uniq_terence, uniq_ijyb
D:4:      layout_loops_ring, uniq_robin, uniq_menkaure, uniq_grinder
D:5:      layout_loops_corners, okawaru_altar_gauntlet_db,
          lemuel_blue_sif_altar, nicolae_hepliaklqana_monster_ancestors,
          serial_bayou, serial_bayou_pond_c, serial_bayou_lake_a,
          serial_bayou_crossing, serial_bayou_shore_b,
          nicolae_concentric_dashed_squares_mild, feat_on_display
D:6:      layout_cave_pools, lemuel_doored_altar,
          lemuel_zombie_altar_yredelemnul, serial_shops, shop,
          nicolae_shop_sticking_my_neck_out
D:7:      layout_cave_pools, minmay_temple_entry_trees, minmay_misc_feat_tower,
          uniq_maggie
D:8:      layout_basic, mainiacjoe_overflow_alcove_4, enter_bailey_5,
          grunt_decor_cap, serial_nicolae_subway, nicolae_sub_station_metal,
          nicolae_sub_station_crystal, nicolae_sub_station_stone, uniq_erica
Temple:   hellmonk_temple_beads

Skill      XL: |  1  2  3  4  5  6  7  8  9 |
---------------+----------------------------+-----
Shields        | 3 4 5 6 |  6.5
Unarmed Combat | 3 4 5 6 8 9 |  9.4
Fighting       | 3 4 5 |  5.9
Dodging        | 3 |  3.3

Action                     |  1- 3 |  4- 6 |  7- 9 || total
---------------------------+-------+-------+-------++-------
  Melee: Unarmed           |   117 |   103 |   275 ||   495
  Throw: Dart              |       |       |     8 ||     8
Ability: Lunge             |       |       |     4 ||     4
    Use: Scroll            |     3 |     2 |    11 ||    16
         Potion            |       |       |     1 ||     1
 Armour: Robe              |    37 |    15 |    52 ||   104
         Steam dragon scal |       |       |     8 ||     8
  Dodge: Dodged            |    43 |    17 |    79 ||   139
  Block: Kite shield       |    44 |    30 |   117 ||   191

Table legend: (Time is in decaauts)
 A = Elapsed time spent in this place.
 B = Non-inter-level travel time spent in this place.
 C = Inter-level travel time spent in this place.
 D = Time resting spent in this place.
 E = Time spent auto-exploring this place.
 F = Levels seen in this place.
 G = Mean time per level.
                   A        B        C        D        E       F      G
               +--------+--------+--------+--------+--------+-----+--------+
         Total |   5678 |   5308 |    370 |    186 |   3846 |   9 |  630.9 |
       Dungeon |   5530 |   5233 |    297 |    186 |   3779 |   8 |  691.2 |
        Temple |    147 |     74 |     73 |      0 |     67 |   1 |  147.0 |
               +--------+--------+--------+--------+--------+-----+--------+

Top non-repeatable levels by time:
     D:5: 1223 daAuts
     D:1: 907 daAuts
     D:3: 809 daAuts
     D:4: 788 daAuts
     D:6: 619 daAuts
     D:7: 521 daAuts
     D:2: 483 daAuts
     D:8: 178 daAuts
  Temple: 147 daAuts
